 Dungeon Crawl Stone Soup version 0.14-a0-3563-g07d0f32 (webtiles) character file.

7550 Psiweapon the Grappler (level 10, 0/90 (93) HPs)
             Began as a Red Draconian Transmuter on Mar 28, 2014.
             Was a Priest of Cheibriados.
             Succumbed to a spiny frog's poison
             ... on Level 2 of the Lair of Beasts on Mar 29, 2014.
             The game lasted 00:50:05 (7945 turns).

Psiweapon the Grappler (Red Draconian Transmuter)   Turns: 7945, Time: 00:50:05

HP   0/90 (93)   AC  9     Str 24      XL: 10   Next: 84%
MP  18/23        EV 13     Int 21      God: Cheibriados [***...]
Gold 453         SH  0     Dex 20      Spells:  2 memorised, 14 levels left

rFire  + . .     SeeInvis .       - Unarmed
rCold  . . .     Clarity  .     (armour unavailable)
rNeg   . . .     Conserve .     (shield currently unavailable)
rPois  .         rCorr    .     (helmet restricted)
rElec  .         rRot     .     F - +1 cloak
SustAb . .       Spirit   .     E - melded +0 pair of gloves
rMut   .         Warding  .     (no boots)
Saprov . . .     Stasis   .     (no amulet)
MR     .....                    T - ring of wizardry
                                (no ring)

@: blade hands, lethally poisoned, very slow, not resistant to hostile
enchantments, fairly stealthy
A: breathe fire, unfitting armour, stinger 1, fire resistance 1, AC +7
a: Breathe Fire, End Transformation, Bend Time, Temporal Distortion, Renounce
Religion


You were on level 2 of the Lair of Beasts.
You worshipped Cheibriados.
Cheibriados was most pleased with you.
You were hungry.
Your hands were blades.
You visited 3 branches of the dungeon, and saw 11 of its levels.

You collected 453 gold pieces.

Inventory:

Hand weapons
 f - a +2,+2 dagger of venom
 p - a +2,+2 whip of flaming
 M - a +1 blowgun
 W - a +0,+0 great mace
Missiles
 e - 7 tomahawks (quivered)
 N - 11 curare-tipped needles
Armour
 E - a +0 pair of gloves (melded)
 F - a +1 cloak (worn)
Magical devices
 b - a wand of polymorph (3)
 z - a wand of random effects (0)
 K - a wand of lightning (1)
 L - a wand of confusion (0)
 P - a wand of polymorph (10)
 U - a wand of teleportation (0)
Comestibles
 a - 5 bread rations
 h - 23 strawberries
 i - 15 grapes
 r - 6 meat rations
 B - a beef jerky
 G - 2 apples
 Y - 12 sultanas
Scrolls
 c - 3 scrolls of remove curse
 g - 2 scrolls of random uselessness {unknown}
 k - 3 scrolls of blinking {unknown}
 s - a scroll of magic mapping {unknown}
 t - 6 scrolls of enchant weapon II {unknown}
 v - 3 scrolls of teleportation {unknown}
 y - 4 scrolls of amnesia
 A - a scroll of immolation {unknown}
 C - a scroll of identify
 I - 3 scrolls of fog {unknown}
 O - 3 scrolls of recharging {unknown}
Jewellery
 w - an uncursed ring of sustain abilities
 H - an uncursed ring of teleportation
 S - an uncursed ring of protection from cold {unknown}
 T - a ring of wizardry (right scythe-like blade)
 Z - an uncursed amulet of resist mutation
Potions
 j - 5 potions of agility
 l - 3 potions of restore abilities {unknown}
 n - a potion of paralysis
 o - a potion of magic
 u - a potion of confusion
 x - 2 potions of flight
 D - a potion of mutation {unknown}
 J - 2 potions of curing
 Q - 2 potions of haste
 R - 4 potions of heal wounds
 V - a potion of degeneration {unknown}
 X - a potion of brilliance
Books
 d - a book of Changes

   Spells                             Type                      Level
   *Beastly Appendage                 Transmutation                1
   Sticks to Snakes                   Transmutation                2
   Spider Form                        Transmutation/Poison         3
   Ice Form                           Ice/Transmutation            4
   *Blade Hands                       Transmutation                5
 q - a book of the Dragon

   Spells                             Type                      Level
   Flight                             Charms/Air                   3
   Cause Fear                         Hexes                        4
   Bolt of Fire                       Conjuration/Fire             6
   Dragon Form                        Transmutation                7
   Dragon's Call                      Summoning                    9
Miscellaneous
 m - an ornate deck of changes


   Skills:
 - Level 10.2 Fighting
 - Level 1.7 Dodging
 - Level 10.7 Unarmed Combat
 + Level 5.9 Spellcasting
 + Level 7.4 Transmutations


You had 14 spell levels left.
You knew the following spells:

 Your Spells              Type           Power        Failure   Level  Hunger
a - Beastly Appendage     Trmt           #####.       4%          1    None
b - Blade Hands           Trmt           #####.....   28%         5    #####..


Dungeon Overview and Level Annotations

Branches:
Dungeon (8/15)             Temple (1/1) D:6            Lair (2/8) D:8

Altars:
Ashenzari
Cheibriados
Dithmenos
Elyvilon
Fedhas
Kikubaaqudgha
Makhleb
Nemelex Xobeh
Okawaru
Sif Muna
Trog
Vehumet
Xom
Yredelemnul
Zin
The Shining One


Innate Abilities, Weirdness & Mutations

You can breathe blasts of fire.
Your fiery red scales are hard (AC +7).
Your body does not fit into most forms of armour.
Your cold-blooded metabolism reacts poorly to cold.
Your flesh is heat resistant.
Your tail ends in a poisonous barb.


Message History

* * * LOW HITPOINT WARNING * * *
You slice the yak!!
The yak is heavily wounded.
The yak gores you!
* * * LOW HITPOINT WARNING * * *
The yak gores you!
* * * LOW HITPOINT WARNING * * *
You hit the yak.
You kill the yak!
Cheibriados thoroughly appreciates the change of pace.
You feel sick. The yak gores you!
* * * LOW HITPOINT WARNING * * *
You hit the yak.
Your tail-slap misses the yak.
The yak is severely wounded.
You shred the yak!!!
You kill the yak!
Cheibriados appreciates the change of pace.
* * * LOW HITPOINT WARNING * * *
You feel sick.
You die...

### #. f..### ..#
#........# .## #.#.#....#
.# #.. ..##.# .## P.#
#.##.# ..# #.###.##.# #
..# ##.##...#.# .##.
..###f.###....#### .....
............#.#.@##......#
.......P#..>.....%........
###.##.###.P.f#.###.......
#.#### #...#### ..... ###
#....# #..# #...## ##
#.... #.... . .


There were no monsters in sight!

Vanquished Creatures
  A hydra (Lair:1)
  Pikel (D:4)
  The ghost of DaftWullie the Slicer, an experienced KoBe of Trog (D:7)
  A spiny frog (Lair:2)
  Grinder (D:3)
  5 yaks (Lair:2)
  A fire bat (D:6)
  Edmund (D:4)
  Menkaure (D:6)
  A necrophage (D:7)
  2 water moccasins (Lair:1)
  3 orc warriors
  2 ice beasts
  3 sky beasts
  3 porcupines
  6 ogres
  2 centaurs
  A slave (D:4)
  Sigmund (D:3)
  3 crocodiles
  2 giant slugs (Lair:1)
  3 giant frogs
  A scorpion (D:5)
  8 wights (D:7)
  A goliath beetle (D:7)
  3 crimson imps (D:6)
  2 jellies (D:5)
  A yellow wasp zombie (D:6)
  A black bear zombie (D:8)
  2 orc priests (D:7)
  A hound (D:5)
  4 iguanas
  4 orc wizards
  2 worker ants
  A big kobold zombie (D:7)
  Ijyb (D:3)
  Jessica (D:2)
  An ogre skeleton (D:5)
  12 adders
  2 gnolls (D:4)
  2 shadow imps
  3 giant mites
  3 worms
  An ufetubus (D:6)
  An iguana zombie (D:7)
  3 giant geckos
  17 orcs
  A ball python (D:5)
  11 bats
  14 hobgoblins
  11 jackals
  7 quokkas
  4 giant cockroaches
  7 giant newts
  2 giant spores
  5 goblins
  A goblin skeleton (D:5)
  A hobgoblin skeleton (D:4)
  10 kobolds
  12 rats
  3 ballistomycetes
212 creatures vanquished.

Vanquished Creatures (others)
  A gnoll (D:4)
  A giant gecko (D:4)
  A kobold (D:6)
  A plant (Lair:1)
4 creatures vanquished.

Grand Total: 216 creatures vanquished

Notes
Turn   | Place    | Note
--------------------------------------------------------------
     0 | D:1      | Psiweapon, the Draconian Transmuter, began the quest for the Orb.
     0 | D:1      | Reached XP level 1. HP: 16/16 MP: 3/3
   289 | D:1      | Reached XP level 2. HP: 22/24 MP: 4/4
   890 | D:2      | Reached XP level 3. HP: 28/30 MP: 6/6
   941 | D:2      | Noticed Jessica
   950 | D:2      | Killed Jessica
  1206 | D:2      | Reached skill level 4 in Unarmed Combat
  1288 | D:2      | Reached XP level 4. HP: 36/38 MP: 5/7
  1451 | D:3      | Noticed Ijyb
  1468 | D:3      | Killed Ijyb
  1512 | D:3      | Noticed Grinder
  1525 | D:3      | Killed Grinder
  1525 | D:3      | Reached skill level 5 in Fighting
  1525 | D:3      | Reached skill level 5 in Unarmed Combat
  1525 | D:3      | Reached XP level 5. HP: 17/48 MP: 9/9
  1525 | D:3      | Reached XP level 6. HP: 19/56 MP: 10/10
  1855 | D:3      | Noticed Sigmund
  1859 | D:3      | Killed Sigmund
  2447 | D:4      | Noticed Pikel
  2485 | D:4      | Reached skill level 6 in Fighting
  2485 | D:4      | Your scales start taking on a fiery red colour.
  2485 | D:4      | Gained mutation: Your flesh is heat resistant. [draconian maturity]
  2485 | D:4      | Reached XP level 7. HP: 57/63 MP: 12/12
  2672 | D:4      | Killed Pikel
  2672 | D:4      | Reached skill level 7 in Fighting
  2672 | D:4      | Reached XP level 8. HP: 46/73 MP: 13/13
  2884 | D:4      | Noticed Edmund
  2898 | D:4      | Killed Edmund
  2898 | D:4      | Reached skill level 8 in Fighting
  3054 | D:5      | Entered Level 5 of the Dungeon
  3334 | D:5      | Reached skill level 9 in Fighting
  3507 | D:5      | Reached XP level 9. HP: 83/83 MP: 12/14
  3550 | D:5      | Gained mutation: Your tail ends in a poisonous barb. [mutagenic meat]
  3859 | D:6      | Found a staircase to the Ecumenical Temple.
  3876 | Temple   | Entered the Ecumenical Temple
  3894 | Temple   | Became a worshipper of Cheibriados the Contemplative
  4074 | D:6      | Learned a level 5 spell: Blade Hands
  4256 | D:6      | Noticed Eustachio
  4276 | D:6      | Noticed Eustachio
  4276 | D:6      | Eustachio changed into Eustachio the fire bat
  4285 | D:6      | Killed Eustachio the fire bat
  4447 | D:6      | Noticed Menkaure
  4450 | D:6      | Killed Menkaure
  4891 | D:7      | Found a flagged portal.
  4991 | D:7      | Reached skill level 10 in Fighting
  5290 | D:7      | Upgraded the game from 0.14-a0-3545-g7d9ef9c to 0.14-a0-3563-g07d0f32
  5466 | D:7      | Reached skill level 10 in Unarmed Combat
  5814 | D:7      | You fall through a shaft!
  5892 | D:7      | Noticed DaftWullie's ghost (experienced KoBe)
  5898 | D:7      | Killed DaftWullie's ghost
  6017 | D:7      | Reached XP level 10. HP: 84/92 MP: 17/17
  6649 | D:8      | Found a staircase to the Lair.
  6680 | Lair:1   | Entered Level 1 of the Lair of Beasts
  6939 | Lair:1   | Reached skill level 5 in Transmutations
  6984 | Lair:1   | Noticed a five-headed hydra
  6993 | Lair:1   | Killed a five-headed hydra
  7232 | Lair:1   | Acquired Cheibriados' first power
  7929 | Lair:2   | Reached skill level 5 in Spellcasting
  7942 | Lair:2   | HP: 2/90 [yak (10)]
  7945 | Lair:2   | Succumbed to a spiny frog's poison

Action                   |  1- 3 |  4- 6 |  7- 9 | 10-12 || total
-------------------------+-------+-------+-------+-------++-------
Melee: Unarmed           |    96 |    72 |   251 |   128 ||   547
       Whip              |       |       |     9 |       ||     9
Throw: Tomahawk          |    46 |    12 |    42 |     6 ||   106
 Cast: Beastly Appendage |    15 |    10 |    34 |    14 ||    73
       Blade Hands       |       |       |       |     1 ||     1
 Abil: Breathe Fire      |       |       |    28 |     5 ||    33
Evoke: Wand              |       |    10 |     7 |     5 ||    22
  Use: Scroll            |       |       |     9 |     4 ||    13
       Potion            |       |       |       |     2 ||     2
 Stab: Paralysed         |       |     7 |       |       ||     7
       Sleeping          |       |     1 |       |     2 ||     3
